 Dungeon Crawl Stone Soup version 0.28-a0-1152-g9c71ebef14 (webtiles) character file.

Game seed: 10112746931013673224

5886 spaghetti the Fighter (level 10, -5/81 HPs)
             Began as an Octopode Delver on Dec 14, 2021.
             Was an Initiate of Gozag.
             Slain by a troll (8 damage)
             ... on level 10 of the Dungeon.
             The game lasted 00:17:08 (13968 turns).

spaghetti the Fighter (Octopode Delver)            Turns: 13968, Time: 00:17:09

Health: -5/81      AC:  2    Str: 12    XL:     10   Next: 82%
Magic:  10/10      EV: 13    Int: 17    God:    Gozag
Gold:   304        SH:  0    Dex: 19    Spells: 9/9 levels left

rFire   . . .      SeeInvis +   j - +0 quarterstaff {staff}
rCold   + . .      Faith    .   (shield currently unavailable)
rNeg    . . .      Spirit   .   E - +1 hat
rPois   .          Reflect  .   (no amulet)
rElec   .          Harm     .   l - ring of protection from cold
rCorr   +          Rampage  .   u - ring of Citis {Will+ Dex+6 Slay+4}
Will    +....                   r - ring of resist corrosion
Stlth   +++++.....              x - ring of wizardry
HPRegen 0.23/turn               (no ring)
MPRegen 0.12/turn               (no ring)
                                (no ring)
                                (no ring)

@: studying Staves
A: almost no armour, amphibious, 8 rings, camouflage 1, gelatinous body 1,
(nimble swimmer 1), tentacles, see invisible
a: Renounce Religion, Potion Petition, Call Merchant, Bribe Branch


You were on level 10 of the Dungeon.
You worshipped Gozag.
Gozag was aware of your devotion.
You visited 2 branches of the dungeon, and saw 9 of its levels.

You collected 967 gold pieces.
You paid 663 gold pieces to Gozag.


Innate Abilities, Weirdness & Mutations

You cannot wear most types of armour.
You are amphibious.
You can wear up to eight rings at the same time.
Your skin changes colour to match your surroundings (Stealth+).
Your rubbery body absorbs attacks. (AC +1, EV +1)
((You are camouflaged near water. (Stealth+)))
You have tentacles for arms and can constrict up to eight enemies at once.
You have supernaturally acute eyesight. (SInv)


   Skills:
 + Level 12.5 Fighting
 - Level 2.0 Axes
 + Level 10.3 Staves
 - Level 2.0 Dodging
 - Level 6.6 Stealth


You had 9 spell levels left.
You didn't know any spells.
Your spell library contained the following spells:

 Spells                   Type           Power      Damage    Failure   Level
 Stone Arrow              Conj/Erth      0%         3d7       26%         3
 Lehudib's Crystal Spear  Conj/Erth      0%         10d2      100%        8
 Animate Armour           Summ/Erth      Unusable   N/A       N/A         4

Inventory:

Hand Weapons
 a - a +0 hand axe {axe}
 e - a +1 antimagic quarterstaff {staff}
   (You took it off Joseph on level 10 of the Dungeon)
 h - a +3 short sword {short}
   (You took it off a kobold on level 9 of the Dungeon)
 j - a +0 quarterstaff (weapon) {staff}
   (You found it on level 5 of the Dungeon)
 B - a +0 short sword of protection {short}
   (You took it off a kobold on level 9 of the Dungeon)
 C - the +0 mace "Beolamif" {speed, rF+ MP+9 Int+3, mace}
   (You found it on level 9 of the Dungeon)

   Attacks with this weapon are significantly faster.
   Int:       It affects your intelligence (+3).
   rF:        It protects you from fire.
   MP:        It affects your magic capacity (+9).
Missiles
 d - 37 sling bullets
 g - 284 stones {throwing}
 k - 65 bolts
 m - 170 arrows
 n - 31 poisoned darts (quivered) {throwing}
Armour
 E - a +1 hat (worn)
   (You found it on level 10 of the Dungeon)
 F - a +0 hat
   (You found it on level 10 of the Dungeon)
Jewellery
 l - a ring of protection from cold (left tentacle)
   (You found it on level 4 of the Dungeon)
 r - a ring of resist corrosion (on tentacle)
   (You found it on level 4 of the Dungeon)
 s - a ring of ice
   (You found it on level 3 of the Dungeon)
 u - the ring of Citis (right tentacle) {Will+ Dex+6 Slay+4}
   (You acquired it on level 5 of the Dungeon)

   [ring of dexterity]

   Dex:       It affects your dexterity (+6).
   Slay:      It affects your accuracy & damage with ranged weapons and melee
   (+4).
   Will:      It increases your willpower.
 x - a ring of wizardry (on tentacle)
   (You found it on level 7 of the Dungeon)
Wands
 f - a wand of digging (3)
Scrolls
 b - 2 scrolls of fog
 c - 2 scrolls of magic mapping {!r}
 o - 2 scrolls of enchant armour
 q - 2 scrolls of immolation {!r!r}
 y - a scroll of vulnerability {!r!r}
 D - a scroll of identify {@r1}
Potions
 i - 2 potions of mutation {!q}
 p - 2 potions of flight
 v - a potion of cancellation
 w - a potion of brilliance

Dungeon Overview and Level Annotations

Branches:
Dungeon (10/15)            Temple (1/1) D:5
   Lair: D:8-11         Orc: D:9-12

Altars:
Dithmenos
Elyvilon
Fedhas
Gozag
Hepliaklqana
Kikubaaqudgha
Makhleb
Qazlal
Ru
Sif Muna
Vehumet
Yredelemnul
Zin
The Shining One
Lugonu

Shops:
D:10 (

Annotations:
D:7 2 runed translucent doors, exclusion: orange crystal statue
D:9 exclusions: door and two-headed ogre

####################
.......@...........#
......T.#######..>.#
........# #....#
..(.....# #....# #
.(......# #....#####
(.......# #.........
........# #.........
(.......# #.........
#.........


You could see a troll (very poisoned).


Message History

You constrict the killer bee, but do no damage.
You feel sick. The killer bee stings you. 😮 HP[-4]
You take 4 damage, and now have 55/81 hp.
The killer bee buzzes angrily.
You sock the killer bee!
You kill the killer bee!
You feel sick. 😮 HP[-2]
You take 2 damage, and now have 53/81 hp.
You sock the killer bee! Your grab misses the killer bee.
You squeeze the killer bee!
You kill the killer bee!
You feel sick. 😮 HP[-1]
You take 1 damage, and now have 52/81 hp.
You feel sick.
You now have 291 gold pieces (gained 6).
You feel sick. 😮 HP[-2]
You take 2 damage, and now have 50/81 hp.
You start resting.
You feel sick. x4
You are no longer poisoned. 😎 HP[+31]
Your hp is fully restored (81).
You now have 297 gold pieces (gained 6).
You now have 304 gold pieces (gained 7).
Found an escape hatch in the floor.
n - 38 poisoned darts {throwing} (gained 9)
Found a stone staircase leading down.
A troll comes into view.
Throw: 38 darts (poison) {throwing}
Press: ? - help, Q - select action, (/) - cycle Shift-Dir - straight line, f - troll
Aim: a troll (asleep, 98% to hit)
You throw a poisoned dart {throwing}.
The poisoned dart {throwing} hits the troll.
The troll is poisoned.
Throw: 37 darts (poison) {throwing}
Press: ? - help, Q - select action, (/) - cycle Shift-Dir - straight line, f/p - troll
Aim: a troll (lightly wounded, poisoned, 71% to hit)
You throw a poisoned dart {throwing}.
The poisoned dart {throwing} hits the troll.
The troll looks even sicker.
Throw: 36 darts (poison) {throwing}
Press: ? - help, Q - select action, (/) - cycle Shift-Dir - straight line, f/p - troll
Aim: a troll (very poisoned, 71% to hit)
You throw a poisoned dart {throwing}.
The poisoned dart {throwing} hits the troll.
The troll looks even sicker.
Throw: 35 darts (poison) {throwing}
Press: ? - help, Q - select action, (/) - cycle Shift-Dir - straight line, f/p - troll
Aim: a troll (very poisoned, 71% to hit)
You throw a poisoned dart {throwing}.
The poisoned dart {throwing} closely misses the troll.
Throw: 34 darts (poison) {throwing}
Press: ? - help, Q - select action, (/) - cycle Shift-Dir - straight line, f/p - troll
Aim: a troll (lightly wounded, very poisoned, 71% to hit)
You throw a poisoned dart {throwing}.
The poisoned dart {throwing} hits the troll.
Throw: 33 darts (poison) {throwing}
Press: ? - help, Q - select action, (/) - cycle Shift-Dir - straight line, f/p - troll
Aim: a troll (lightly wounded, very poisoned, 71% to hit)
You throw a poisoned dart {throwing}.
The poisoned dart {throwing} barely misses the troll.
Throw: 32 darts (poison) {throwing}
Press: ? - help, Q - select action, (/) - cycle Shift-Dir - straight line, f/p - troll
Aim: a troll (lightly wounded, very poisoned, 71% to hit)
You throw a poisoned dart {throwing}.
The poisoned dart {throwing} closely misses the troll.
You sock the troll! The troll barely misses you. The troll claws you.
The troll claws you! 😕 HP[-14]
You take 14 damage, and now have 67/81 hp.
You hit the troll. The troll bites you. The troll closely misses you.
The troll claws you! 😮 HP[-16]
You take 16 damage, and now have 51/81 hp.
You are too injured to fight recklessly!
You closely miss the troll. You squeeze the troll! The troll bites you!
* * * LOW HITPOINT WARNING * * *
The troll claws you!
* * * LOW HITPOINT WARNING * * *
The troll closely misses you. 😨 HP[-27]
You take 27 damage, and now have 24/81 hp.
MASSIVE DAMAGE!! (PAUSE)
You closely miss the troll. You sock the troll! The troll bites you!
* * * LOW HITPOINT WARNING * * *
The troll claws you.
* * * LOW HITPOINT WARNING * * *
The troll claws you.
* * * LOW HITPOINT WARNING * * *
😱 HP[-22]
You take 22 damage, and now have 2/81 hp.
MASSIVE DAMAGE!! (PAUSE)
You closely miss the troll. The troll completely misses you.
The troll claws you!
You die...
Your body crumbles into a pile of gold.

Skill      XL: |  1  2  3  4  5  6  7  8  9 10 |
---------------+-------------------------------+-----
Fighting       | 5 6 7 8 9 11 12 | 12.5
Staves         | 1 3 6 8 10 | 10.3
Axes           | |  2.0
Dodging        | |  2.0
Stealth        | |  6.6

Action                   |  1- 3 |  4- 6 |  7- 9 | 10-12 || total
-------------------------+-------+-------+-------+-------++-------
Melee: Hand axe          |     7 |    22 |       |       ||    29
       Constrict         |     3 |     4 |    47 |     8 ||    62
       Tentacles         |     3 |     5 |    67 |    22 ||    97
       Quarterstaff      |       |     5 |   248 |    95 ||   348
Throw: Dart              |       |       |       |     7 ||     7
       Stone             |       |       |       |     2 ||     2
Invok: Potion Petition   |       |       |     1 |     1 ||     2
Evoke: Wand              |     4 |       |    14 |     2 ||    20
  Use: Scroll            |     2 |     1 |    14 |     2 ||    19
       Potion            |       |     2 |     6 |     6 ||    14
 Stab: Sleeping          |       |     4 |    21 |     2 ||    27
       Distracted        |       |       |     3 |     2 ||     5
Armor: Skin              |       |     1 |    18 |    11 ||    30
Dodge: Dodged            |     5 |    17 |   181 |    48 ||   251

Levels and vault maps discovered:
D:3:      layout_loops_cross, nicolae_hepliaklqana_ecumenical_no_more,
          chequers_serial_rivers_micro_b
D:4:      layout_basic, fiery_altar_vehumet, serial_park_tiny_2
D:5:      layout_basic, kennysheep_little_box,
          minmay_temple_entry_drinking_statues
D:6:      layout_gridville, kennysheep_orc_sif_temple
D:7:      layout_basic, lightli_temple_of_fire,
          chequers_guarded_unrand_ignorance
D:8:      layout_loops_cross, mainiacjoe_overflow_catwalk, lair_entry_dummy,
          special_room [special_room_orc], kennysheep_generic_room_15
D:9:      layout_irregular_city, jmf_multi_god_temple
D:10:     layout_irregular_city, nicolae_overflow_hidden_temple, serial_shops,
          shop_fountains, the_hattery, uniq_joseph
Temple:   kb_corrupted_temple

Notes
Turn   | Place    | Note
-------+----------+-------------------------------------------
     0 | D:5      | spaghetti the Octopode Delver began the quest for the Orb.
     0 | D:5      | Reached XP level 1. HP: 16/16 MP: 1/1
     0 | D:5      | magus.rc [v1.9.6]
    27 | D:5      | Reached XP level 2. HP: 13/21 MP: 2/2
   236 | D:5      | Noticed a water moccasin
   236 | D:5      | Noticed an ogre
   311 | D:6      | Noticed an orc warrior
   316 | D:6      | HP: 4/22 [orc warrior (11)]
   321 | D:6      | Killed an orc warrior
   322 | D:6      | Reached skill level 5 in Fighting
   322 | D:6      | Reached XP level 3. HP: 6/29 MP: 3/3
   322 | D:6      | Reached XP level 4. HP: 8/35 MP: 4/4
   570 | D:6      | Found a shimmering blue altar of Sif Muna.
   629 | D:5      | Reached skill level 6 in Fighting
   629 | D:5      | Reached XP level 5. HP: 29/41 MP: 5/5
   650 | Temple   | Entered the Ecumenical Temple
   827 | D:5      | Found a white marble altar of Elyvilon.
   834 | D:5      | Reached XP level 6. HP: 17/47 MP: 6/6
   836 | D:5      | HP: 10/47 [poisoned by a scorpion]
   841 | D:5      | HP: 5/47 [poisoned by a scorpion]
  1147 | D:5      | Gained mutation: You have supernaturally acute eyesight.
                  | (SInv) [potion of mutation]
  1148 | D:5      | HP: 10/47 [poisoned by a water moccasin]
  1149 | D:5      | HP: 4/47 [poisoned by a water moccasin]
  1150 | D:5      | Killed a water moccasin
  1151 | D:5      | Reached skill level 7 in Fighting
  1153 | D:5      | HP: 1/49 [poisoned by a water moccasin]
  1614 | D:4      | Found a radiant altar of Vehumet.
  1659 | D:4      | Reached skill level 1 in Staves
  1659 | D:4      | Reached XP level 7. HP: 54/54 MP: 7/7
  1924 | D:4      | Reached skill level 2 in Staves
  2768 | D:3      | Found a faded altar of an unknown god.
  2768 | D:3      | Found a faded altar of an unknown god.
  2768 | D:3      | Found a hazy altar of Hepliaklqana.
  2768 | D:3      | Found a faded altar of an unknown god.
  3554 | D:5      | Reached skill level 8 in Fighting
  3698 | D:5      | Reached skill level 3 in Staves
  3881 | D:5      | HP: 12/55 [centaur/arrow (12)]
  4913 | D:6      | Reached XP level 8. HP: 24/62 MP: 8/8
  4923 | D:6      | Reached skill level 4 in Staves
  5144 | D:6      | You pick up a book of Armaments and begin reading...
  5144 | D:6      | You add the spells Stone Arrow and Lehudib's Crystal Spear
                  | to your library.
  5348 | D:6      | Reached skill level 9 in Fighting
  5348 | D:6      | Reached skill level 5 in Staves
  5970 | Temple   | Became a worshipper of Gozag Ym Sagoz the Greedy
  6096 | D:5      | HP: 15/63 [centaur (2)]
  6709 | D:5      | Identified a scroll of acquirement
  6710 | D:5      | Acquired the ring of Citis {Will+ Dex+6 Slay+4}
  6773 | D:6      | Reached skill level 6 in Staves
  6789 | D:6      | Reached XP level 9. HP: 21/70 MP: 9/9
  6794 | D:6      | HP: 14/70 [orc wizard/magic dart (8)]
  7186 | D:7      | Found a runed translucent door.
  7268 | D:7      | Found a runed translucent door.
  7272 | D:7      | Found the +10 tower shield of Ignorance {rN+ Int-4}
  7294 | D:7      | Noticed an orange crystal statue
  7721 | D:7      | Reached skill level 10 in Fighting
  8224 | D:7      | Reached skill level 7 in Staves
  8813 | D:7      | Found a burning altar of Makhleb.
  8865 | D:8      | Found a basalt altar of Yredelemnul.
  9183 | D:9      | Identified the +0 mace "Beolamif" {speed, rF+ MP+9 Int+3}
  9321 | D:9      | Found a shadowy altar of Dithmenos.
  9321 | D:9      | Found a glowing golden altar of the Shining One.
 10187 | D:9      | Reached skill level 8 in Staves
 10210 | D:9      | Noticed a troll
 10222 | D:9      | HP: 17/71 [troll (3)]
 10226 | D:9      | HP: 8/71 [troll (9)]
 10227 | D:9      | Killed a troll
 10227 | D:9      | HP: 1/71 [orc (7)]
 10228 | D:9      | Reached skill level 11 in Fighting
 10603 | D:9      | Noticed a hornet
 10608 | D:9      | Killed a hornet
 10609 | D:9      | Reached XP level 10. HP: 71/79 MP: 10/10
 10701 | D:9      | Noticed a two-headed ogre
 10712 | D:10     | Entered Level 10 of the Dungeon
 10837 | D:10     | Noticed a two-headed ogre
 10845 | D:10     | HP: 13/79 [two-headed ogre (20)]
 11171 | D:9      | Paralysed by a hornet for 1 turns
 11548 | D:9      | Reached skill level 9 in Staves
 11841 | D:10     | Found Niuw's Weapon Shop.
 11904 | D:9      | HP: 2/79 [two-headed ogre (24)]
 12441 | D:10     | HP: 18/80 [wraith (5)]
 12441 | D:10     | HP: 5/80 [wraith (13)]
 12451 | D:10     | HP: 13/80 [wraith (7)]
 12456 | D:10     | HP: 5/80 [wraith (7)]
 12927 | D:10     | Noticed Joseph
 12944 | D:10     | HP: 20/80 [Joseph (6)]
 12946 | D:10     | Killed Joseph
 12947 | D:10     | Reached skill level 12 in Fighting
 13352 | D:10     | Killed a two-headed ogre
 13353 | D:10     | Reached skill level 10 in Staves
 13583 | D:10     | Acquired a manual of Staves
 13702 | D:10     | Found an ancient bone altar of Kikubaaqudgha.
 13967 | D:10     | HP: 7/81 [troll (17)]
 13967 | D:10     | HP: 2/81 [troll (2)]
 13968 | D:10     | Slain by a troll

Vanquished Creatures
  A two-headed ogre (D:10)
  Joseph (D:10)
  A troll (D:9)
  2 hornets (D:9)
  A spriggan (D:10)
  2 wraiths (D:10)
  A shadow (D:10)
  A basilisk (D:7)
  A steam dragon (D:9)
  3 acid dragons
  2 water moccasins
  2 ice beasts
  3 black bears
  A necrophage (D:8)
  4 orc warriors
  2 ogres
  4 centaurs
  2 kobold brigands
  A bullfrog (D:6)
  A wyvern zombie (D:6)
  A scorpion (D:5)
  A water moccasin zombie (D:5)
  3 killer bees (D:10)
  2 howler monkeys (D:9)
  3 centaur zombies
  A bullfrog zombie (D:5)
  A bullfrog skeleton (D:5)
  2 orc priests (D:9)
  A hound (D:7)
  A centaur skeleton (D:4)
  4 iguanas
  8 orc wizards
  7 adders
  A shadow imp (D:7)
  An ufetubus (D:7)
  An adder skeleton (D:4)
  3 worms
  2 dart slugs
  15 orcs
  4 ball pythons
  4 endoplasms (D:3)
  A goblin (D:4)
  3 hobgoblins
  13 kobolds
119 creatures vanquished.

Table legend:
 A = Non-vault XP
 B = Vault XP
 C = Vault XP percentage of total XP
 D = Non-vault monster count
 E = Vault monster count
 F = Vault count percentage of total count
                 A         B        C        D         E       F
            +---------+---------+-------+---------+---------+-------
      Total |    7122 |    1287 |  15.3 |     104 |      15 |  12.6
            +---------+---------+-------+---------+---------+-------
        D:3 |      73 |       0 |   0.0 |      17 |       0 |   0.0
        D:4 |     259 |       0 |   0.0 |      18 |       0 |   0.0
        D:5 |     989 |       0 |   0.0 |      12 |       0 |   0.0
        D:6 |     734 |     343 |  31.8 |       8 |       7 |  46.7
        D:7 |     704 |       0 |   0.0 |      15 |       0 |   0.0
        D:8 |     281 |      12 |   4.1 |       2 |       4 |  66.7
        D:9 |    1712 |     278 |  14.0 |      22 |       2 |   8.3
       D:10 |    2370 |     654 |  21.6 |      10 |       2 |  16.7
            +---------+---------+-------+---------+---------+-------

Illustrated notes

Table legend:
 A = Kills in this place as a percentage of kills in entire the game.
 B = Kills by you in this place as a percentage of kills by you in the entire game.
 C = Kills by friends in this place as a percentage of kills by friends in the entire game.
 D = Other kills in this place as a percentage of other kills in the entire game.
 E = Experience gained in this place as a percentage of experience gained in the entire game.
 F = Experience gained in this place divided by the number of levels of this place that you have seen.
                   A       B       C       D       E      F
               +-------+-------+-------+-------+-------+----------------------
         Total | 100.0 | 100.0 |   N/A |   N/A | 100.0 | 934.3
       Dungeon | 100.0 | 100.0 |   N/A |   N/A | 100.0 | 1051.1
               +-------+-------+-------+-------+-------+----------------------

Table legend: (Time is in decaauts)
 A = Elapsed time spent in this place.
 B = Non-inter-level travel time spent in this place.
 C = Inter-level travel time spent in this place.
 D = Time resting spent in this place.
 E = Time spent auto-exploring this place.
 F = Levels seen in this place.
 G = Mean time per level.
                   A        B        C        D        E       F      G
               +--------+--------+--------+--------+--------+-----+--------+
         Total |  13984 |  13366 |    618 |   6380 |   5578 |   9 | 1553.8 |
       Dungeon |  13840 |  13276 |    564 |   6380 |   5503 |   8 | 1730.0 |
        Temple |    144 |     90 |     54 |      0 |     75 |   1 |  144.0 |
               +--------+--------+--------+--------+--------+-----+--------+

Top non-repeatable levels by time:
     D:9: 3001 daAuts
     D:6: 2756 daAuts
     D:5: 2098 daAuts
    D:10: 1845 daAuts
     D:7: 1743 daAuts
     D:4: 1433 daAuts
     D:3: 700 daAuts
     D:8: 261 daAuts
  Temple: 144 daAuts
